 Dungeon Crawl Stone Soup version 0.29.1-15-g9cfb28693d (webtiles) character file.

Game seed: 174253063003372412

54 hawla the Chiller (level 4, -2/33 HPs)
             Began as a Meteoran Ice Elementalist on Apr 13, 2023.
             Hit by a boomerang thrown by an orc (4 damage)
             ... on level 4 of the Dungeon.
             The game lasted 00:01:35 (341 turns).

hawla the Chiller (Meteoran Ice Elementalist)        Turns: 341, Time: 00:01:35

Health: -2/33      AC:  2    Str:  9    XL:     4   Next: 34%
Magic:  1/10       EV: 12    Int: 19    God:
Gold:   61         SH:  0    Dex: 14    Spells: 9/10 levels left

rFire   . . .      SeeInvis .   (no weapon)
rCold   . . .      Faith    .   (no shield)
rNeg    . . .      Spirit   .   a - +0 robe
rPois   .          Reflect  .   (no helmet)
rElec   .          Harm     .   (no cloak)
rCorr   .          Rampage  .   (no gloves)
Will    .....                   (no boots)
Stlth   +.........              (no amulet)
HPRegen 0.11/turn               (no ring)
MPRegen 0.12/turn               (no ring)

@: glowing
A: sense surroundings 1, otherworldly, glowing, explore regen
a: no special abilities


You were on level 4 of the Dungeon.
You visited 1 branch of the dungeon, and saw 4 of its levels.

You collected 61 gold pieces.

Inventory:

Armour
 a - a +0 robe (worn)
Jewellery
 c - a ring of resist corrosion


   Skills:
 + Level 0.1 Fighting
 + Level 2.6 Dodging
 - Level 1.4 Stealth
 + Level 3.6 Spellcasting
 + Level 5.3 Ice Magic


You had 9 spell levels left.
You knew the following spells:

 Your Spells              Type           Power      Damage    Failure   Level
a - Freeze                Ice            92%        1d10      1%          1

Your spell library contained the following spells:

 Spells                   Type           Power      Damage    Failure   Level
 Frozen Ramparts          Ice            46%        1d7       4%          3
 Ozocubu's Armour         Ice            23%        N/A       4%          3
 Hailstorm                Conj/Ice       13%        3d5       43%         4


Dungeon Overview and Level Annotations

Branches:
Dungeon (4/15) Zot: 2058
 Temple: D:4-7

Altars:


Innate Abilities, Weirdness & Mutations

You passively map a small area around you.
You are easily found by Zot.
You glow in the dark.
You regain HP and MP as you explore.


Message History

Unknown command.
Casting: Freeze (safe; 1% risk of failure)
Confirm with . or Enter, or press ? or * to list all spells.
Aiming: Freeze (safe; 1% risk of failure)
Press: ? - help, Shift-Dir - straight line, f/p - orc priest
Aim: an orc priest, wielding a +0 dagger (severely wounded)
You freeze the orc priest!
You kill the orc priest!
Something hits you. The orc closely misses you.
You have reached level 4!
You aren't carrying any potions.
As you read the scroll labelled YWISOX KESEA, it crumbles to dust.
It is a scroll of identify.
You don't have any unidentified items.
You hear some strange, mumbled words.
A magic dart appears from out of thin air!
The magic dart hits you! The orc misses you.
Casting: Freeze (safe; 1% risk of failure)
Confirm with . or Enter, or press ? or * to list all spells.
Aiming: Freeze (safe; 1% risk of failure)
Press: ? - help, Shift-Dir - straight line, f - orc
Aim: an orc, wielding a +0 war axe, wearing a +0 scale mail and quivering boomerangs You freeze the orc.
The orc is heavily wounded.
The orc hits you with a +0 war axe!
You hear some strange, mumbled words.
You are confused.
You aren't carrying any potions.
Unknown command.
Something hits you but does no damage. The orc hits you with a +0 war axe.
* * * LOW HITPOINT WARNING * * *
You barely miss something. The orc closely misses you. Something hits you.
* * * LOW HITPOINT WARNING * * *
Something hits you.
* * * LOW HITPOINT WARNING * * *
You barely miss something.
An orc is nearby!
You feel less confused.
The orc throws a boomerang.
The boomerang hits you.
You die...

#######
#.....#
#.....########
*
#..<..@.......
,
#.))..########
* #..[o.#** *
#..#####.. ,
#.# * ###* #.
* * * # , , *
, * * * ,


You could see an orc.

Vanquished Creatures
  An orc priest (D:4)
  A dart slug (D:1)
  5 orcs
  2 endoplasms
  3 goblins
  4 hobgoblins
16 creatures vanquished.

Notes
Turn   | Place    | Note
-------+----------+-------------------------------------------
     0 | D:1      | hawla the Meteoran Ice Elementalist began the quest for the
                  | Orb.
     0 | D:1      | Reached XP level 1. HP: 14/14 MP: 5/5
   138 | D:1      | Reached XP level 2. HP: 16/20 MP: 4/6
   237 | D:3      | Reached skill level 5 in Ice Magic
   237 | D:3      | Reached XP level 3. HP: 10/26 MP: 1/8
   335 | D:4      | Reached XP level 4. HP: 27/33 MP: 0/10
   339 | D:4      | HP: 1/33 [something (3)]
   341 | D:4      | Hit by a boomerang thrown by an orc

Illustrated notes

Levels and vault maps discovered:
D:1:      shiori_shiawase, layout_basic, nicolae_concentric_dashed_squares_wild
D:2:      layout_basic, shapermc_ecumenical_altar_mp_ritualfount, uniq_natasha,
          uniq_robin
D:3:      layout_basic, guppyfry_early_orc_mine
D:4:      layout_loops_ring, mainiacjoe_overflow_divided_tiny, serial_shops,
          shop

Skill      XL: |  1  2 |
---------------+-------+-----
Spellcasting   | 3 |  3.6
Ice Magic      | 5 |  5.3
Fighting       | |  0.1
Dodging        | |  2.6
Stealth        | |  1.4

Action                   |  1- 3 |  4- 6 || total
-------------------------+-------+-------++-------
Melee: Unarmed           |     2 |     2 ||     4
 Cast: Freeze            |    28 |     1 ||    29
  Use: Scroll            |     1 |     1 ||     2
       Potion            |     1 |       ||     1
Armor: Robe              |     3 |     1 ||     4
Dodge: Dodged            |    12 |     2 ||    14
